 Dungeon Crawl Stone Soup version 0.27-a0-1529-g1e82c303ef (webtiles) character file.

Game seed: 9678305866252154061

29 flotson the Sneak (level 3, -2/24 HPs)
             Began as a Gargoyle Delver on July 11, 2021.
             Slain by a scorpion zombie (6 damage)
             ... on level 5 of the Dungeon.
             The game lasted 00:00:36 (229 turns).

flotson the Sneak (Gargoyle Delver)                  Turns: 229, Time: 00:00:37

Health: -2/24      AC:  7    Str: 16    XL:     3   Next: 16%
Magic:  3/3        EV: 11    Int: 10    God:
Gold:   25         SH:  0    Dex: 11    Spells: 2/2 levels left

rFire    . . .     SeeInvis .   a - +0 hand axe
rCold    . . .     Faith    .   (no shield)
rNeg     + . .     Spirit   .   b - +0 leather armour
rPois    ∞         Reflect  .   h - +0 helmet
rElec    +         Harm     .   (no cloak)
rCorr    .         Rampage  .   (no gloves)
Will     .....                  (no boots)
Stlth    +++.......             (no amulet)
HPRegen  0.08/turn              (no ring)
MPRegen  0.08/turn              (no ring)

@: no status effects
A: sickness immunity, AC +3, negative energy resistance 1, electricity
resistance, torment resistance 1, petrification resistance
a: no special abilities


You were on level 5 of the Dungeon.
You visited 1 branch of the dungeon, and saw 1 of its levels.

You collected 25 gold pieces.

Inventory:

Hand Weapons
 a - a +0 hand axe (weapon)
Armour
 b - a +0 leather armour (worn)
 h - a +0 helmet (worn)
Wands
 g - a wand of digging (3)
Scrolls
 c - a scroll of fog
 d - a scroll of magic mapping
 e - a scroll of fear


   Skills:
 + Level 3.6 Fighting
 + Level 2.2 Axes
 + Level 1.2 Armour
 + Level 2.0 Dodging
 - Level 5.4 Stealth


You had 2 spell levels left.
You didn't know any spells.
Your spell library was empty.

Dungeon Overview and Level Annotations

Branches:
Dungeon (5/15)
 Temple: D:4-7

Altars:


Innate Abilities, Weirdness & Mutations

You are immune to sickness and miasma.
Your stone body is resilient. (AC +3)
You are immune to poison.
You resist negative energy. (rN+)
You are resistant to electric shocks. (rElec)
You are resistant to unholy torment.
You are immune to petrification.


Message History

The scorpion zombie hits you.
The scorpion zombie hits you but does no damage.
You hit the scorpion zombie.
The scorpion zombie is heavily damaged.
You hit the bush but do no damage. x2
The scorpion zombie hits you but does no damage.
You hit the scorpion zombie but do no damage.
The scorpion zombie is heavily damaged.
You hit the bush but do no damage. x2; The scorpion zombie closely misses you.
You barely miss the scorpion zombie.
The scorpion zombie is heavily damaged.
You hit the bush but do no damage. x2; The scorpion zombie closely misses you.
You hit the scorpion zombie.
The scorpion zombie is heavily damaged.
You hit the bush but do no damage. You hit the bush.
The scorpion zombie hits you.
You slash the scorpion zombie!
The scorpion zombie is severely damaged.
You hit the bush but do no damage. x2; The scorpion zombie hits you.
The scorpion zombie barely misses you.
You hit the scorpion zombie but do no damage.
The scorpion zombie is severely damaged.
You hit the bush but do no damage. You completely miss the bush.
The scorpion zombie hits you.
* * * LOW HITPOINT WARNING * * *
You barely miss the scorpion zombie.
The scorpion zombie is severely damaged.
You hit the bush but do no damage. x2; The scorpion zombie barely misses you.
You hit the scorpion zombie.
The scorpion zombie is almost destroyed.
You hit the bush but do no damage. x2
The scorpion zombie hits you but does no damage.
You completely miss the scorpion zombie.
The scorpion zombie is almost destroyed.
You hit the bush but do no damage. x2; The scorpion zombie hits you.
* * * LOW HITPOINT WARNING * * *
You hit the scorpion zombie.
The scorpion zombie is almost destroyed.
You hit the bush but do no damage. x2; The scorpion zombie hits you.
You die...

.......##
.......#
.......#
......# #.....#
#.....####
#PZ......#
+.@...# #P....#
#.....#
###.....#### #
##
............##
#. #.
#.......###..##
#.##. ##.....##
##..# ..#.
####### ##.#
... ####.####
#.


You could see a scorpion zombie.

Vanquished Creatures
  A hound (D:5)
1 creature vanquished.

Notes
Turn   | Place    | Note
-------+----------+-------------------------------------------
     0 | D:5      | flotson the Gargoyle Delver began the quest for the Orb.
     0 | D:5      | Reached XP level 1. HP: 14/14 MP: 1/1
    37 | D:5      | Noticed a hound
    69 | D:5      | Killed a hound
    70 | D:5      | Reached skill level 1 in Armour
    70 | D:5      | Reached XP level 2. HP: 12/20 MP: 2/2
    70 | D:5      | Reached XP level 3. HP: 14/24 MP: 3/3
   229 | D:5      | Slain by a scorpion zombie

Illustrated notes

Levels and vault maps discovered:
D:5:      layout_rooms, grunt_ministairs_7, kennysheep_nondescript,
          solitary_fountain, cheibrodos_gnoll_hut, uniq_duvessa

Skill      XL: |  1 |
---------------+----+-----
Axes           | 2 |  2.2
Armour         | 1 |  1.2
Dodging        | 2 |  2.0
Fighting       | |  3.6
Stealth        | |  5.4

Action                   || total
-------------------------++-------
Melee: Hand axe          ||    23
  Use: Potion            ||     1
Armor: Leather armour    ||     7
Dodge: Dodged            ||     9

Table legend: (Time is in decaauts)
 A = Elapsed time spent in this place.
 B = Non-inter-level travel time spent in this place.
 C = Inter-level travel time spent in this place.
 D = Time resting spent in this place.
 E = Time spent auto-exploring this place.
 F = Levels seen in this place.
 G = Mean time per level.
                   A        B        C        D        E       F      G
               +--------+--------+--------+--------+--------+-----+--------+
         Total |    217 |    217 |      0 |      0 |    158 |   1 |  217.0 |
       Dungeon |    217 |    217 |      0 |      0 |    158 |   1 |  217.0 |
               +--------+--------+--------+--------+--------+-----+--------+

Top non-repeatable levels by time:
     D:5: 217 daAuts
